 Dungeon Crawl Stone Soup version 0.29.0-13-gc9e81de378 (webtiles) character file.

Game seed: 4547082889126442415

22 themarg the Nimble (level 2, 0/20 HPs)
             Began as a Gnoll Wanderer on Sept 7, 2022.
             Slain by an adder (1 damage)
             ... on level 2 of the Dungeon.
             The game lasted 00:03:02 (1985 turns).

themarg the Nimble (Gnoll Wanderer)                 Turns: 1985, Time: 00:03:03

Health: 0/20       AC:  3    Str:  9    XL:     2   Next: 91%
Magic:  5/5        EV: 14    Int: 12    God:
Gold:   19         SH:  0    Dex: 12    Spells: 5/6 levels left

rFire   . . .      SeeInvis .   a - +0 dagger
rCold   . . .      Faith    .   (no shield)
rNeg    . . .      Spirit   .   e - +0 leather armour
rPois   .          Reflect  .   (no helmet)
rElec   .          Harm     .   (no cloak)
rCorr   .          Rampage  .   (no gloves)
Will    .....                   (no boots)
Stlth   +.........              (no amulet)
HPRegen 0.06/turn               (no ring)
MPRegen 0.09/turn               (no ring)

@: lethally poisoned (0 -> -1)
A: fangs 1, strong nose, distributed training
a: no special abilities


You were on level 2 of the Dungeon.
You visited 1 branch of the dungeon, and saw 2 of its levels.

You collected 19 gold pieces.

Inventory:

Hand Weapons
 a - a +0 dagger (weapon)
Missiles
 b - 3 throwing nets (quivered)
 f - 6 atropa-tipped darts
 g - 3 poisoned darts
Armour
 c - a +0 buckler
 e - a +0 leather armour (worn)
Jewellery
 k - a ring of ice
Scrolls
 h - a scroll of poison {unknown}
 j - 2 scrolls of identify {unknown}
 l - a scroll of brand weapon {unknown}
Potions
 d - a potion of attraction
 i - a potion of might {unknown}


   Skills:
 + Level 0.5 Fighting
 + Level 0.5 Short Blades
 + Level 0.5 Long Blades
 + Level 0.5 Axes
 + Level 0.5 Maces & Flails
 + Level 0.5 Polearms
 + Level 0.5 Staves
 + Level 0.5 Ranged Weapons
 + Level 0.5 Throwing
 + Level 2.5 Armour
 + Level 8.5 Dodging
 + Level 0.5 Stealth
 + Level 4.5 Shields
 + Level 0.5 Unarmed Combat
 + Level 2.7 Spellcasting
 + Level 0.4 Conjurations
 + Level 0.4 Hexes
 + Level 2.0 Summonings
 + Level 0.4 Necromancy
 + Level 0.4 Translocations
 + Level 0.4 Transmutations
 + Level 0.4 Fire Magic
 + Level 0.4 Ice Magic
 + Level 0.4 Air Magic
 + Level 0.4 Earth Magic
 + Level 0.4 Poison Magic
 + Level 0.7 Invocations
 + Level 2.5 Evocations


You had 5 spell levels left.
You knew the following spells:

 Your Spells              Type           Power      Damage    Failure   Level
a - Summon Small Mammal   Summ           24%        N/A       14%         1

Your spell library contained the following spells:

 Spells                   Type           Power      Damage    Failure   Level
 Summon Guardian Golem    Hex/Summ       4%         N/A       52%         3


Dungeon Overview and Level Annotations

Branches:
Dungeon (2/15)

Altars:

Annotations:
D:2 Natasha


Innate Abilities, Weirdness & Mutations

You have very sharp teeth.
Your uncanny sense of smell can sniff out nearby items.
Your experience applies equally to all skills.


Message History

There is a stone staircase leading down here.
You climb downwards.
Level annotation: Natasha A hobgoblin comes into view.
Found four items.
Found a stone staircase leading down.
There is a stone staircase leading up here.
The hobgoblin shouts!
You hear a shout! x2
The hobgoblin attacks as you move away! The hobgoblin barely misses you.
The adder closely misses you. The adder closely misses you.
There is a stone staircase leading up here.
You completely miss the adder. Your bite misses the adder. The adder bites you.
The hobgoblin barely misses you.
You barely miss the adder. The adder bites you.
You are poisoned.
The adder poisons you!
The hobgoblin hits you but does no damage.
You completely miss the adder.
You feel sick. The adder completely misses you.
The hobgoblin barely misses you.
You hit the adder but do no damage. Your bite misses the adder.
You feel sick. The adder bites you but does no damage.
The hobgoblin closely misses you.
You hit the adder.
The adder is lightly wounded.
You feel sick. The adder bites you. The adder misses you.
You hit the adder.
The adder is heavily wounded.
You feel sick. The hobgoblin hits you.
* * * LOW HITPOINT WARNING * * *
The adder bites you but does no damage.
You closely miss the adder.
The adder is heavily wounded.
You feel sick.
The hobgoblin hits you but does no damage.
The adder barely misses you.
You closely miss the adder.
The adder is heavily wounded.
You feel sick. The adder bites you.
* * * LOW HITPOINT WARNING * * *
The hobgoblin misses you. The adder bites you.
You die...

.... #....... ∆
....##......
.........#.#
.>......... .
..........# ...
.........####....
#...g.......#
#.@S......#
#.#..#...?...
........$.###.
.....#......#
.............##
.$...!.##...##
.[..... ....#
....... ....#


You could see an adder and a hobgoblin.

Vanquished Creatures
  A dart slug (D:1)
  A bat (D:1)
  A giant cockroach (D:1)
  4 goblins (D:1)
  2 hobgoblins (D:1)
  3 kobolds (D:1)
  A quokka (D:1)
  A ball python (D:1)
  A frilled lizard (D:1)
  3 rats (D:1)
18 creatures vanquished.

Notes
Turn   | Place    | Note
-------+----------+-------------------------------------------
     0 | D:1      | themarg the Gnoll Wanderer began the quest for the Orb.
     0 | D:1      | themarg set off with the following items: a +0 dagger, 3
                  | throwing nets, a +0 buckler, a potion of attraction, a +0
                  | leather armour; and the following spell memorised: Summon
                  | Small Mammal; and the following spells available to
                  | memorise: Summon Guardian Golem.
     0 | D:1      | Reached XP level 1. HP: 13/13 MP: 4/4
   197 | D:1      | Reached XP level 2. HP: 17/19 MP: 5/5
  1920 | D:2      | Noticed Natasha
  1930 | D:2      | Noticed a crimson imp
  1985 | D:2      | HP: 1/20 [adder (3)]
  1985 | D:2      | Slain by an adder

Illustrated notes

Levels and vault maps discovered:
D:1:      scummos_arrival_gate, layout_basic
D:2:      layout_rooms, hellmonk_ecumenical_altar_inner_sanctum,
          minmay_crystal_water, serial_bayou_pond_d, uniq_natasha, uniq_terence,
          uniq_sigmund

Skill      XL: |  1 |
---------------+----+-----
Summonings     | 2 |  2.0
Fighting       | |  0.5
Short Blades   | |  0.5
Long Blades    | |  0.5
Axes           | |  0.5
Maces & Flails | |  0.5
Polearms       | |  0.5
Staves         | |  0.5
Ranged Weapons | |  0.5
Throwing       | |  0.5
Armour         | |  2.5
Dodging        | |  8.5
Stealth        | |  0.5
Shields        | |  4.5
Unarmed Combat | |  0.5
Spellcasting   | |  2.7
Conjurations   | |  0.4
Hexes          | |  0.4
Necromancy     | |  0.4
Translocations | |  0.4
Transmutations | |  0.4
Fire Magic     | |  0.4
Ice Magic      | |  0.4
Air Magic      | |  0.4
Earth Magic    | |  0.4
Poison Magic   | |  0.4
Invocations    | |  0.7
Evocations     | |  2.5

Action                   || total
-------------------------++-------
Melee: Dagger            ||   125
       Bite              ||     9
Armor: Leather armour    ||    23
Dodge: Dodged            ||    73
Block: Buckler           ||    20
